 Dungeon Crawl Stone Soup version 0.30-b1-2-g02819fbbbe (webtiles) character file.

Game seed: 15540290405131959731

123 seren the Covered (level 4, 40/40 HPs)
             Began as an Armataur Fighter on Jan 4, 2024.
             Quit the game on level 3 of the Dungeon.
             The game lasted 00:09:56 (2079 turns).

seren the Covered (Armataur Fighter)                Turns: 2079, Time: 00:09:57

Health: 40/40      AC: 11    Str: 18 (24) XL:     4   Next: 80%
Magic:  4/4        EV:  5    Int:  6 (8)  God:
Gold:   151        SH:  3    Dex:  4 (9)  Spells: 3/3 levels left

rFire   . . .        a - +0 long sword
rCold   . . .        c - +0 buckler
rNeg    . . .        d - +0 chain mail
rPois   .            (no helmet)
rElec   .            n - +0 cloak
rCorr   .            p - +0 pair of gloves
SInv    .            (no barding)
Will    .....        (no amulet) Stlth
                     (no ring)
HPRegen 0.26/turn    (no ring)
MPRegen 0.09/turn

%: roll
@: no status effects
A: large, rugged brown scales 3, deformed body, armoured tail, roll, long
tongue, awkward tongue
a: no special abilities


You were on level 3 of the Dungeon.
You visited 1 branch of the dungeon, and saw 3 of its levels.

You collected 151 gold pieces.

Inventory:

Hand Weapons
 a - a +0 long sword (weapon)
 b - a +0 sling
 k - a +0 dagger of venom
 t - a +0 dagger of draining
 w - a +0 heavy falchion
Missiles
 l - 13 stones (quivered)
Armour
 c - a +0 buckler (worn)
 d - a +0 chain mail (worn)
 n - a +0 cloak (worn)
 p - a +0 pair of gloves (worn)
Jewellery
 i - a ring of wizardry
Wands
 e - a wand of light (2)
 q - a wand of iceblast (11)
Scrolls
 f - a scroll of enchant weapon {unknown}
 g - a scroll of teleportation {unknown}
 h - a scroll of poison {unknown}
 j - a scroll of identify {unknown}
 m - a scroll of blinking {unknown}
 o - a scroll of noise {unknown}
 r - a scroll of torment {unknown}
 s - a scroll of enchant armour {unknown}
 v - a scroll of fog {unknown}
Potions
 u - 2 potions of curing


   Skills:
 * Level 3.3 Fighting
 * Level 2.6 Long Blades
 * Level 4.8 Armour
 * Level 0.0 Dodging
 * Level 4.1 Shields
 + Level 0.0 Evocations


You had 3 spell levels left.
You didn't know any spells.
Your spell library contained the following spells:

 Spells                   Type           Power      Damage    Failure   Level
 Kiss of Death            Conj/Necr      0%         2d5       99%         1
 Summon Small Mammal      Summ           0%         N/A       99%         1
 Ensorcelled Hibernation  Hex/Ice        0%         N/A       100%        2
 Passwall                 Tmut/Erth      0%         N/A       100%        2
 Call Canine Familiar     Summ           0%         N/A       100%        3
 Confusing Touch          Hex            0%         N/A       100%        3
 Dazzling Flash           Conj/Hex       0%         N/A       100%        3
 Spider Form              Tmut/Pois      0%         N/A       100%        3
 Summon Guardian Golem    Hex/Summ       0%         N/A       100%        3
 Anguish                  Hex/Necr       0%         N/A       100%        4
 Dispel Undead            Necr           0%         3d6       100%        4
 Leda's Liquefaction      Hex/Erth       0%         N/A       100%        4


Dungeon Overview and Level Annotations

Branches:
Dungeon (3/15)

Altars:
Gozag
Zin

Shops:
D:2 **


Innate Abilities, Weirdness & Mutations

You are completely covered in rugged brown scales. (AC +3, +7% HP)
Armour fits poorly on your strangely shaped body.
You have a long armoured tail.
You roll when moving toward enemies. (Rampage)
Your long tongue fully drains potion bottles. (2x potion effects)
Your tongue gives you trouble enunciating. (1.5x scroll delay)


Message History

You see here a +0 dagger.
q - a wand of iceblast (11)
Okay, then.
u - a potion of curing An endoplasm comes into view.
The endoplasm quivers.
You see here a scroll labelled UVERUTAROD.
You hit the endoplasm.
You kill the endoplasm!
You feel your dexterity returning.
v - a scroll labelled UVERUTAROD A hobgoblin comes into view.
The hobgoblin shouts!
You roll towards the hobgoblin!
You barely miss the hobgoblin. The hobgoblin barely misses you.
You hit the hobgoblin.
The hobgoblin is almost dead.
The hobgoblin barely misses you. x2
You barely miss the hobgoblin.
The hobgoblin is almost dead.
The hobgoblin hits you but does no damage.
You closely miss the hobgoblin.
Your tail-slap misses the hobgoblin.
The hobgoblin is almost dead.
The hobgoblin barely misses you.
You hit the hobgoblin but do no damage.
The hobgoblin is almost dead.
The hobgoblin hits you but does no damage.
You block the hobgoblin's attack.
You slash the hobgoblin!
You kill the hobgoblin!
You see here a hobgoblin corpse.
Found a stone staircase leading down.
u - 2 potions of curing (gained 1) As you open the door, it creaks loudly!
Found 5 stones.
There is an open door here.
l - 13 stones (gained 5)
You see here a +0 heavy falchion.
w - a +0 heavy falchion Are you sure you want to abandon this character and quit the game? (Confirm with "yes".)

....>.....##.####.#
#........# ...#..###..#.#
#.# #..#..####
...##..###.#.#
#.####..#..####
.#####.###.#.#
#.#.....#.....# .#
#..##.#.####.#.###.#.#.#.###
.# ##.# .....##...#
#...#.#.... .# #.#
#.#..##### ###.#.+.... .
#.####.......# ..#.#....
#...##.##.@..### .##.#....
###................ .......
#########...####. #.#....
##.# #.#.... .# . ##### #
######## ## #......# #.


There were no monsters in sight!

Vanquished Creatures
  Ijyb (D:3)
  Robin (D:3)
  A gnoll (D:2)
  2 adders (D:2)
  3 worms (D:2)
  3 endoplasms
  11 goblins
  11 hobgoblins
  3 quokkas (D:1)
  2 ball pythons (D:1)
  2 bats
  4 frilled lizards
  5 kobolds
  4 rats
53 creatures vanquished.

Vanquished Creatures (others)
  A plant (D:1)
1 creature vanquished.

Grand Total: 54 creatures vanquished

Notes
Turn   | Place    | Note
-------+----------+-------------------------------------------
     0 | D:1      | seren the Armataur Fighter began the quest for the Orb.
     0 | D:1      | Reached XP level 1. HP: 19/19 MP: 1/1
   283 | D:1      | Reached XP level 2. HP: 24/26 MP: 2/2
   928 | D:2      | Reached XP level 3. HP: 16/33 MP: 3/3
  1013 | D:2      | Found a faded altar of an unknown god.
  1026 | D:2      | Found Atagh's Assorted Antiques.
  1080 | D:2      | HP: 1/33 [poisoned by an adder]
  1182 | D:2      | Found Kucwyth's Assorted Antiques.
  1314 | D:2      | Got the Almanac of the Volcanic Impact
  1606 | D:3      | Found an opulent altar of Gozag.
  1606 | D:3      | Found a glowing silver altar of Zin.
  1625 | D:2      | Reached XP level 4. HP: 27/40 MP: 4/4
  1691 | D:3      | Noticed Robin
  1828 | D:3      | Killed Robin
  1947 | D:3      | Noticed Ijyb
  1976 | D:3      | Killed Ijyb
  2079 | D:3      | Quit the game

Illustrated notes

Levels and vault maps discovered:
D:1:      psy_arrival_dodecagon, layout_loops_ring, serial_forest,
          infiniplex_forest_fountain, infiniplex_forest_end_3,
          infiniplex_forest_clump_curved, infiniplex_forest_clump_diagonal,
          infiniplex_forest_pool, infiniplex_forest_clump_small,
          infiniplex_forest_straight_3
D:2:      layout_rooms, serial_shops, shop, shop,
          ebering_ecumenical_altar_abandoned
D:3:      layout_basic, grunt_temple_overflow_gold_and_silver, serial_shops,
          shop, uniq_ijyb, uniq_robin

Skill      XL: |  1  2  3  4 |
---------------+-------------+-----
Long Blades    | 2 |  2.6
Armour         | 4 |  4.8
Fighting       | 3 |  3.3
Shields        | 4 |  4.1

Action                     |  1- 3 |  4- 6 || total
---------------------------+-------+-------++-------
  Melee: Long sword        |   117 |    70 ||   187
         Tailslap          |    11 |     6 ||    17
         Dagger            |       |     6 ||     6
   Fire: Sling             |       |     2 ||     2
  Throw: Stone             |     3 |       ||     3
    Use: Potion            |     3 |     2 ||     5
 Armour: Scale mail        |    51 |       ||    51
         Chain mail        |     4 |    44 ||    48
  Dodge: Dodged            |    31 |    29 ||    60
  Block: Buckler           |    24 |    12 ||    36
